AoeStats
← TheBrian

Northern Isles

510630410Analyzed
1v1 RM · 10h ago on Oct 1, 2026· 26m 10s· 2 players
Game mode
Random Map
Map size
Tiny (2 player)
Population
200
Speed
Normal
Resources
Standard
Victory
Conquest
Starting age
Dark Age
Ending age
Imperial Age
RankedLock teamsTeams togetherTeam positionsShared explorationLock speedFull tech treeHidden civsTurbo modeCheats
Victory
Defeat
🇩🇪 Vikings · Germany
1297
+18
🇵🇦 Vikings · Panama
1332
-18
TheBrian
11:14 Feudal Age
11:54 Loom
15:29 Castle Age
14:01 Double-Bit Axe
14:22 Fletching
14:32 Padded Archer Armor
15:14 Horse Collar
18:01 Bodkin Arrow
20:42 Bow Saw
21:10 Horse Collar
22:28 Leather Archer Armor
25:35 Heavy Plow
25:32 Gold Mining
26:29 Ballistics
Frodolas
10:41 Feudal Age
10:44 Loom
11:09 Double-Bit Axe
11:58 Gold Mining
14:20 Fishing Lines
17:12 Castle Age
15:33 Fishing Lines
17:14 Fletching
18:09 Bodkin Arrow
19:32 Gold Shaft Mining
19:28 Bow Saw
20:41 Ballistics
21:19 Careening
21:23 Clinker Construction
25:36 Gillnets
26:43 Medium Warships
Connection lost

Rejoining the realm…

Still unreachable

The connection could not be restored.

Session expired

The server has moved on; the page needs a fresh start.